[ AOE2 MATCH · #459069841 ]
Team RMBengalis vs Wei
[ REPLAY ANALYSIS · EXTRACTED FROM THE RECORDED GAME ]
Feudal
10:37
Castle
—
Imperial
—
| APM avg | 51.5 |
| APM peak | 82 |
| eAPM avg | 15.9 |
| Villagers / military | 41 / 18 |
Focus
⚔️ 29.4% · 🌾 70.6%
Archer ×14 · Spearman ×2 · Skirmisher ×2
Feudal
10:43
Castle
—
Imperial
—
| APM avg | 42.8 |
| APM peak | 92 |
| eAPM avg | 18.2 |
| Villagers / military | 35 / 5 |
Focus
⚔️ 27.3% · 🌾 72.7%
Fishing Ship ×5 · Scout Cavalry ×5 · Unknown (2626) ×2
Feudal
9:53
Castle
—
Imperial
—
| APM avg | 38.6 |
| APM peak | 90 |
| eAPM avg | 12.6 |
| Villagers / military | 27 / 3 |
Focus
⚔️ 23.0% · 🌾 77.0%
Scout Cavalry ×3
Feudal
9:41
Castle
—
Imperial
—
| APM avg | 62.2 |
| APM peak | 91 |
| eAPM avg | 20.3 |
| Villagers / military | 41 / 22 |
Focus
⚔️ 34.1% · 🌾 65.9%
Archer ×19 · Spearman ×3
Match map
Initial resources + every placement click. Lines = walls · curves = elevation contours. ◆ gold · ⬟ stone · ● berries · ✦ relic · ◌ wall gap
Your base· Open — unwalled flank
Lil' Linguini's base· Open — unwalled flank
MaverickGG1403's base· Open — unwalled flank
Kallemann's base· Open — unwalled flank
Smoothed initial terrain · ◌ = detected wall gap · hover for details
Inputs per minute
— WeX Dawg - - Lil' Linguini
Build order — WeX Dawg
98 actions detected in the replay
| 0:02 | Create | Villager (Male) ×4 |
| 0:04 | Build | House |
| 0:05 | Build | House |
| 1:25 | Create | Villager (Male) |
| 2:09 | Build | Lumber Camp |
| 2:13 | Create | Villager (Male) |
| 2:23 | Create | Villager (Male) |
| 2:39 | Create | Villager (Male) |
| 2:39 | Create | Villager (Male) |
| 2:52 | Build | House |
| 3:08 | Create | Villager (Male) |
| 3:08 | Create | Villager (Male) |
| 3:36 | Create | Villager (Male) |
| 3:36 | Create | Villager (Male) |
| 4:04 | Create | Villager (Male) |
| 4:36 | Create | Villager (Male) |
| 4:36 | Create | Villager (Male) |
| 5:17 | Create | Villager (Male) |
| 5:17 | Create | Villager (Male) |
| 5:18 | Create | Villager (Male) |
| 5:18 | Create | Villager (Male) |
| 5:21 | Build | House |
| 5:22 | Build | Palisade Wall |
| 5:38 | Build | Palisade Wall |
| 5:45 | Create | Villager (Male) |
| 5:45 | Create | Villager (Male) |
| 6:57 | Create | Villager (Male) |
| 6:58 | Research | Loom |
| 7:14 | Build | Barracks |
| 7:54 | Build | House |
| 8:02 | Create | Villager (Male) |
| 8:14 | Research | Feudal Age |
| 8:14 | Research | Feudal Age |
| 8:19 | Build | Palisade Wall |
| 8:38 | Build | Mining Camp |
| 9:24 | Build | Mill |
| 9:44 | Build | Palisade Wall |
| 9:46 | Create | Villager (Male) |
| 9:46 | Create | Villager (Male) |
| 10:37 | Age | Feudal Age |
| 10:46 | Build | Archery Range |
| 10:56 | Research | Double-Bit Axe |
| 11:08 | Create | Villager (Male) |
| 11:29 | Create | Archer |
| 11:33 | Build | House |
| 11:35 | Build | House |
| 11:41 | Create | Villager (Male) |
| 11:45 | Research | Horse Collar |
| 12:00 | Create | Archer |
| 12:12 | Build | Lumber Camp |
| 12:16 | Create | Villager (Male) |
| 12:31 | Create | Archer |
| 12:31 | Create | Villager (Male) |
| 12:37 | Build | Farm |
| 12:37 | Build | Farm |
| 13:10 | Build | Archery Range |
| 13:16 | Create | Archer |
| 13:17 | Create | Villager (Male) |
| 13:19 | Create | Villager (Male) |
| 13:41 | Build | Blacksmith |
| 13:46 | Create | Archer |
| 13:47 | Create | Villager (Male) |
| 14:00 | Create | Archer |
| 14:03 | Create | Villager (Male) |
| 14:04 | Build | House |
| 14:14 | Create | Villager (Male) |
| 14:17 | Build | Farm |
| 14:20 | Build | Farm |
| 14:20 | Create | Archer |
| 14:23 | Research | Fletching |
| 14:31 | Create | Archer |
| 14:35 | Build | House |
| 15:02 | Create | Archer |
| 15:02 | Create | Archer |
| 15:03 | Create | Villager (Male) |
| 15:06 | Build | Farm |
| 15:14 | Create | Archer |
| 15:23 | Create | Spearman |
| 15:26 | Create | Skirmisher |
| 15:34 | Create | Spearman |
| 15:45 | Create | Villager (Male) |
| 15:45 | Create | Villager (Male) |
| 15:48 | Build | Farm |
| 15:49 | Build | Farm |
| 15:51 | Build | Farm |
| 15:52 | Build | Farm |
| 15:56 | Build | Farm |
| 15:56 | Create | Archer |
| 16:15 | Create | Skirmisher |
| 16:19 | Create | Archer |
| 16:22 | Research | Gold Mining |
| 16:23 | Create | Villager (Male) |
| 16:23 | Create | Villager (Male) |
| 16:31 | Build | Market |
| 16:33 | Build | House |
| 16:40 | Build | House |
| 16:41 | Create | Villager (Male) |
| 16:44 | Create | Archer |
Build order — Lil' Linguini
81 actions detected in the replay
| 0:01 | Create | Villager (Male) ×4 |
| 0:03 | Build | House |
| 0:04 | Build | House |
| 1:26 | Create | Villager (Male) |
| 1:26 | Create | Villager (Male) |
| 1:26 | Create | Villager (Male) |
| 1:46 | Build | House |
| 2:23 | Create | Villager (Male) |
| 2:23 | Create | Villager (Male) |
| 2:27 | Build | Lumber Camp |
| 2:37 | Create | Villager (Male) |
| 2:37 | Create | Villager (Male) |
| 3:24 | Create | Villager (Male) |
| 3:24 | Create | Villager (Male) |
| 3:25 | Create | Villager (Male) |
| 4:05 | Create | Villager (Male) |
| 4:18 | Create | Villager (Male) |
| 4:18 | Create | Villager (Male) |
| 5:05 | Create | Villager (Male) |
| 5:05 | Create | Villager (Male) |
| 5:05 | Create | Villager (Male) |
| 5:05 | Create | Villager (Male) |
| 5:27 | Build | Dock |
| 6:40 | Build | Mill |
| 6:43 | Build | House |
| 6:56 | Research | Loom |
| 6:59 | Create | Villager (Male) |
| 7:02 | Create | Fishing Ship |
| 7:16 | Create | Villager (Male) |
| 7:25 | Create | Fishing Ship |
| 7:39 | Research | Loom |
| 8:05 | Build | Mining Camp |
| 8:33 | Research | Feudal Age |
| 9:04 | Build | Barracks |
| 9:26 | Build | House |
| 10:37 | Build | Farm |
| 10:43 | Age | Feudal Age |
| 10:47 | Build | Stable |
| 10:50 | Create | Villager (Male) |
| 10:50 | Create | Villager (Male) |
| 10:56 | Research | Double-Bit Axe |
| 11:15 | Create | Unit 2626 |
| 11:21 | Create | Villager (Male) |
| 11:33 | Create | Scout Cavalry |
| 11:33 | Create | Scout Cavalry |
| 11:34 | Create | Scout Cavalry |
| 11:43 | Build | Farm |
| 12:01 | Create | Unit 2626 |
| 12:08 | Build | House |
| 12:12 | Research | Bloodlines |
| 12:13 | Create | Scout Cavalry |
| 12:16 | Build | House |
| 12:20 | Create | Villager (Male) |
| 12:20 | Create | Villager (Male) |
| 12:48 | Build | Farm |
| 12:50 | Create | Villager (Male) |
| 12:51 | Create | Fishing Ship |
| 12:52 | Create | Fishing Ship |
| 13:19 | Create | Scout Cavalry |
| 13:22 | Build | Farm |
| 13:30 | Build | Market |
| 13:42 | Build | Farm |
| 14:25 | Create | Villager (Male) |
| 14:29 | Build | Farm |
| 14:30 | Create | Fishing Ship |
| 14:37 | Build | House |
| 14:54 | Create | Villager (Male) |
| 14:56 | Build | House |
| 15:28 | Create | Villager (Male) |
| 15:31 | Build | Farm |
| 15:31 | Build | Farm |
| 15:33 | Build | House |
| 15:36 | Build | Mining Camp |
| 15:53 | Create | Villager (Male) |
| 15:57 | Create | Villager (Male) |
| 15:58 | Create | Villager (Male) |
| 16:00 | Build | Mill |
| 16:01 | Build | Farm |
| 16:22 | Build | Blacksmith |
| 16:25 | Build | Farm |
| 16:55 | Build | Farm |
Build order — MaverickGG1403
74 actions detected in the replay
| 0:04 | Build | House |
| 0:06 | Build | House |
| 0:29 | Create | Villager (Male) |
| 0:29 | Create | Villager (Male) |
| 0:30 | Create | Villager (Male) |
| 0:30 | Create | Villager (Male) |
| 0:30 | Create | Villager (Male) |
| 1:47 | Create | Villager (Male) |
| 2:11 | Build | Lumber Camp |
| 2:16 | Create | Villager (Male) |
| 2:16 | Create | Villager (Male) |
| 2:32 | Create | Villager (Male) |
| 3:04 | Create | Villager (Male) |
| 3:17 | Create | Villager (Male) |
| 3:49 | Create | Villager (Male) |
| 4:18 | Build | House |
| 4:31 | Create | Villager (Male) |
| 4:41 | Build | Mill |
| 5:18 | Create | Villager (Male) |
| 5:50 | Create | Villager (Male) |
| 5:51 | Create | Villager (Male) |
| 6:02 | Build | House |
| 6:06 | Create | Villager (Male) |
| 6:58 | Create | Villager (Male) |
| 7:19 | Research | Loom |
| 7:42 | Research | Feudal Age |
| 8:28 | Build | Barracks |
| 9:43 | Create | Villager (Male) |
| 9:53 | Age | Feudal Age |
| 9:55 | Build | Stable |
| 10:01 | Build | Palisade Wall |
| 10:04 | Build | Palisade Wall |
| 10:15 | Create | Villager (Male) |
| 10:32 | Create | Villager (Male) |
| 10:35 | Research | Double-Bit Axe |
| 10:41 | Build | Palisade Wall |
| 10:43 | Build | Palisade Wall |
| 10:43 | Build | Palisade Wall |
| 10:53 | Create | Villager (Male) |
| 10:56 | Build | Farm |
| 10:56 | Build | Farm |
| 10:56 | Build | Farm |
| 10:56 | Build | Farm |
| 10:57 | Build | Farm |
| 10:59 | Create | Scout Cavalry |
| 11:17 | Build | House |
| 11:24 | Build | Palisade Wall |
| 11:28 | Create | Villager (Male) |
| 11:30 | Build | Farm |
| 11:33 | Build | Farm |
| 11:49 | Build | Farm |
| 11:51 | Create | Scout Cavalry |
| 11:56 | Build | Farm |
| 12:19 | Build | Farm |
| 12:32 | Create | Villager (Male) |
| 12:37 | Build | Farm |
| 12:44 | Build | House |
| 12:47 | Build | Mining Camp |
| 13:12 | Create | Scout Cavalry |
| 13:19 | Build | Palisade Wall |
| 13:26 | Build | Farm |
| 13:29 | Build | Farm |
| 13:39 | Create | Villager (Male) |
| 14:04 | Create | Villager (Male) |
| 14:08 | Build | Farm |
| 14:10 | Build | Farm |
| 14:33 | Build | Blacksmith |
| 14:48 | Build | Watch Tower |
| 14:59 | Create | Villager (Male) |
| 15:35 | Research | Castle Age |
| 16:36 | Research | Scale Barding Armor |
| 16:51 | Build | Palisade Wall |
| 16:55 | Build | Palisade Wall |
| 16:58 | Build | Palisade Wall |
Build order — Kallemann
108 actions detected in the replay
| 0:01 | Create | Villager (Male) |
| 0:01 | Create | Villager (Male) |
| 0:01 | Create | Villager (Male) |
| 0:02 | Build | House |
| 0:03 | Create | Villager (Male) |
| 0:04 | Build | House |
| 1:24 | Create | Villager (Male) |
| 1:24 | Create | Villager (Male) |
| 1:48 | Build | Lumber Camp |
| 1:59 | Create | Villager (Male) |
| 1:59 | Create | Villager (Male) |
| 2:15 | Create | Villager (Male) |
| 2:19 | Build | Lumber Camp |
| 2:42 | Create | Villager (Male) |
| 3:01 | Create | Villager (Male) |
| 3:01 | Create | Villager (Male) |
| 3:46 | Create | Villager (Male) |
| 3:47 | Create | Villager (Male) |
| 4:12 | Build | House |
| 4:28 | Create | Villager (Male) |
| 4:28 | Create | Villager (Male) |
| 4:43 | Build | House |
| 5:26 | Create | Villager (Male) |
| 5:26 | Create | Villager (Male) |
| 5:59 | Build | Mill |
| 6:06 | Create | Villager (Male) |
| 6:13 | Create | Villager (Male) |
| 6:13 | Create | Villager (Male) |
| 6:18 | Create | Villager (Male) |
| 6:59 | Research | Loom |
| 7:23 | Research | Feudal Age |
| 7:38 | Build | Mining Camp |
| 7:45 | Build | Palisade Wall |
| 8:04 | Create | Villager (Male) |
| 8:06 | Build | Lumber Camp |
| 8:53 | Create | Villager (Male) |
| 9:00 | Build | Barracks |
| 9:01 | Build | Palisade Wall |
| 9:08 | Create | Villager (Male) |
| 9:22 | Create | Villager (Male) |
| 9:41 | Age | Feudal Age |
| 9:57 | Build | Archery Range |
| 10:01 | Research | Double-Bit Axe |
| 10:09 | Create | Villager (Male) |
| 10:24 | Create | Spearman |
| 10:36 | Build | House |
| 10:45 | Create | Archer |
| 10:45 | Create | Archer |
| 11:15 | Build | Archery Range |
| 11:19 | Build | House |
| 11:24 | Build | Palisade Wall |
| 11:28 | Create | Spearman |
| 11:29 | Create | Villager (Male) |
| 11:37 | Create | Archer |
| 12:07 | Build | House |
| 12:09 | Create | Villager (Male) |
| 12:14 | Create | Villager (Male) |
| 12:15 | Create | Archer |
| 12:15 | Create | Archer |
| 12:20 | Build | Blacksmith |
| 12:34 | Create | Archer |
| 12:41 | Build | Stone Wall |
| 12:48 | Create | Villager (Male) |
| 12:50 | Create | Spearman |
| 12:55 | Create | Archer |
| 12:56 | Create | Archer |
| 13:04 | Build | House |
| 13:10 | Create | Archer |
| 13:11 | Create | Archer |
| 13:18 | Build | Farm |
| 13:21 | Build | Farm |
| 13:24 | Build | House |
| 13:34 | Research | Fletching |
| 13:37 | Build | Farm |
| 14:02 | Create | Archer |
| 14:02 | Create | Archer |
| 14:07 | Create | Villager (Male) |
| 14:12 | Build | Stone Wall |
| 14:17 | Create | Villager (Male) |
| 14:18 | Create | Archer |
| 14:53 | Create | Villager (Male) |
| 14:53 | Create | Villager (Male) |
| 15:22 | Create | Villager (Male) |
| 15:23 | Create | Villager (Male) |
| 15:23 | Create | Archer |
| 15:24 | Create | Archer |
| 15:37 | Create | Villager (Male) |
| 15:39 | Build | Farm |
| 15:39 | Build | Farm |
| 15:39 | Build | Farm |
| 15:40 | Build | Farm |
| 15:40 | Build | Farm |
| 15:40 | Build | Farm |
| 15:40 | Build | Farm |
| 15:40 | Build | Farm |
| 15:42 | Create | Archer |
| 15:42 | Create | Archer |
| 15:51 | Build | Stone Wall |
| 15:52 | Build | Stone Wall |
| 15:55 | Build | House |
| 16:01 | Research | Wheelbarrow |
| 16:28 | Build | House |
| 16:45 | Create | Archer |
| 16:45 | Create | Archer |
| 16:46 | Create | Villager (Male) |
| 17:13 | Create | Villager (Male) |
| 17:13 | Create | Villager (Male) |
| 17:17 | Build | Farm |
Match timeline
| 5:22 | WeX Dawg · wall_segment Palisade Wall x1 |
| 5:27 | Lil' Linguini · first_building Dock |
| 5:38 | WeX Dawg · wall_segment Palisade Wall x1 |
| 7:14 | WeX Dawg · first_building Barracks |
| 7:45 | Kallemann · wall_segment Palisade Wall x2 |
| 8:19 | WeX Dawg · wall_segment Palisade Wall x7 |
| 8:28 | MaverickGG1403 · first_building Barracks |
| 9:00 | Kallemann · first_building Barracks |
| 9:01 | Kallemann · wall_segment Palisade Wall x2 |
| 9:04 | Lil' Linguini · first_building Barracks |
| 9:41 | Kallemann · age_up feudal |
| 9:44 | WeX Dawg · wall_segment Palisade Wall x10 |
| 9:53 | MaverickGG1403 · age_up feudal |
| 9:55 | MaverickGG1403 · first_building Stable |
| 9:57 | Kallemann · first_building Archery Range |
| 10:01 | MaverickGG1403 · wall_segment Palisade Wall x1 |
| 10:04 | MaverickGG1403 · wall_segment Palisade Wall x2 |
| 10:37 | WeX Dawg · age_up feudal |
| 10:41 | MaverickGG1403 · wall_segment Palisade Wall x1 |
| 10:43 | MaverickGG1403 · wall_segment Palisade Wall x1 |
| 10:43 | Lil' Linguini · age_up feudal |
| 10:43 | MaverickGG1403 · wall_segment Palisade Wall x1 |
| 10:46 | WeX Dawg · first_building Archery Range |
| 10:47 | Lil' Linguini · first_building Stable |
| 11:24 | MaverickGG1403 · wall_segment Palisade Wall x1 |
| 11:24 | Kallemann · wall_segment Palisade Wall x3 |
| 12:41 | Kallemann · wall_segment Stone Wall x8 |
| 13:19 | MaverickGG1403 · wall_segment Palisade Wall x1 |
| 14:12 | Kallemann · wall_segment Stone Wall x8 |
| 15:51 | Kallemann · wall_segment Stone Wall x10 |
| 15:52 | Kallemann · wall_segment Stone Wall x3 |
| 16:51 | MaverickGG1403 · wall_segment Palisade Wall x1 |
| 16:55 | MaverickGG1403 · wall_segment Palisade Wall x2 |
| 16:58 | WeX Dawg · resign |
| 16:58 | MaverickGG1403 · wall_segment Palisade Wall x1 |
[ AI ANALYSIS · 1 CREDIT ]
What really happened in this match?
Wolo.gg analyzes every decision: build order, eco, micro, common mistakes by bracket. Personalized analysis on WhatsApp or Discord in 30 seconds.
Civ guide
Bengalis
Map guide
Coastal Forest
Perfil
Jugador #1693063